 Dungeon Crawl Stone Soup version 0.29.1 (webtiles) character file.

Game seed: 17437595092621029003

73 SigmundSlayer the Ruffian (level 4, -1/39 HPs)
             Began as a Naga Transmuter on Sept 13, 2022.
             Killed from afar by Sigmund (8 damage)
             ... with a magic dart
             ... on level 2 of the Dungeon.
             The game lasted 00:03:13 (2453 turns).

SigmundSlayer the Ruffian (Naga Transmuter)         Turns: 2453, Time: 00:03:13

Health: -1/39      AC:  2    Str: 13    XL:     4   Next: 27%
Magic:  7/7        EV: 10    Int: 17    God:
Gold:   105        SH:  0    Dex: 11    Spells: 7/8 levels left

rFire   . . .      SeeInvis +     - Unarmed
rCold   . . .      Faith    .   (no shield)
rNeg    . . .      Spirit   .   a - +0 robe
rPois   +          Reflect  .   (helmet currently unavailable)
rElec   .          Harm     .   (no cloak)
rCorr   .          Rampage  .   (no gloves)
Will    .....                   (no barding)
Stlth   +.........              (no amulet)
HPRegen 0.13/turn               (no ring)
MPRegen 0.10/turn               (no ring)

@: confused, appendages (expiring), hasted, unable to read, quick
A: horns 2, AC +1, large, see invisible, deformed body, poison resistance,
slowness 2, spit poison 1, naga tail 1, clever 1, inability to read after injury
1, MP-powered wands
a: Spit Poison, End Transformation


You were on level 2 of the Dungeon.
You had temporarily grown beastly horns.
You visited 1 branch of the dungeon, and saw 2 of its levels.

You collected 105 gold pieces.

Inventory:

Armour
 a - a +0 robe (worn)
Scrolls
 f - a scroll of identify {unknown}
 g - 2 scrolls of silence
Potions
 b - a potion of lignification
 d - a potion of haste
 e - 2 potions of curing {unknown}


   Skills:
 + Level 1.8 Fighting
 + Level 2.1 Dodging
 + Level 3.4 Unarmed Combat
 + Level 2.5 Spellcasting
 + Level 2.6 Transmutations


You had 7 spell levels left.
You knew the following spells:

 Your Spells              Type           Power      Damage    Failure   Level
a - Beastly Appendage     Tmut           22%        N/A       6%          1

Your spell library contained the following spells:

 Spells                   Type           Power      Damage    Failure   Level
 Wereblood                Tmut           11%        N/A       10%         2
 Spider Form              Tmut/Pois      6%         N/A       32%         3
 Ice Form                 Ice/Tmut       6%         N/A       71%         4


Dungeon Overview and Level Annotations

Branches:
Dungeon (2/15)

Altars:

Shops:
D:2 [

Annotations:
D:2 Sigmund


Innate Abilities, Weirdness & Mutations

You have temporarily grown beastly horns.
Your serpentine skin is tough. (AC +1)
You have supernaturally acute eyesight. (SInv)
Armour fits poorly on your strangely shaped body.
Your system is resistant to poisons. (rPois)
You cover ground very slowly.
You can spit poison.
You have a snake-like lower body.
Your mind is acute. (Int +4, Str/Dex -1)
You occasionally lose the ability to read scrolls when taking damage.
You expend magic power (3 MP) to strengthen your wands.


Message History

Sigmund is lightly wounded.
Sigmund closely misses you.
You hit Sigmund. Your headbutt misses Sigmund.
Sigmund is moderately wounded.
You have got your breath back.
Sigmund barely misses you.
You hit Sigmund but do no damage. You headbutt Sigmund.
Your punch misses Sigmund.
Sigmund is heavily wounded.
You hit Sigmund.
Sigmund is heavily wounded.
Sigmund barely misses you.
You hit Sigmund. You headbutt Sigmund.
Sigmund is severely wounded.
Sigmund gestures at you while chanting. The puff of flame hits you!
You hit Sigmund. Your headbutt misses Sigmund.
Sigmund is almost dead.
Sigmund hits you with a +0 scythe!
* * * LOW HITPOINT WARNING * * *
Okay, then.
You barely miss Sigmund.
Sigmund is almost dead.
You barely miss Sigmund.
Sigmund is almost dead.
Sigmund gestures at you while chanting.
You are confused.
You are too confused!
Unknown command.
It was a potion of mutation.
You feel extremely strange.
You occasionally lose the ability to read scrolls when taking damage.
You feel your magical essence link to the dungeon's wands.
You feel clever.
Your transformation is almost over.
Sigmund closely misses you.
It was a potion of haste.
You feel yourself speed up. Sigmund casts a spell at you.
The magic dart hits you!
You feel threatened and lose the ability to read scrolls!
You die...

# ##+# .# # ##...##
.# .# ##.....## #
.#..# ##....>..##
... ....##
#.........####...##
......
+........@'@......#
##..##
#.....>...####...##
.# #.......## ...
.# ##.....## # #.#
##†..## ##.# ##'##
..# #.#
#.##########.#
..........##.##


You could see Sigmund (strong).

Vanquished Creatures
  A gnoll (D:1)
  An adder (D:2)
  2 dart slugs (D:1)
  5 ball pythons
  A bat (D:1)
  7 endoplasms
  6 giant cockroaches
  4 goblins
  3 hobgoblins
  2 jackals (D:1)
  A quokka (D:1)
  5 frilled lizards
  5 kobolds
  3 rats
46 creatures vanquished.

Notes
Turn   | Place    | Note
-------+----------+-------------------------------------------
     0 | D:1      | SigmundSlayer the Naga Transmuter began the quest for the
                  | Orb.
     0 | D:1      | Reached XP level 1. HP: 18/18 MP: 3/3
    37 | D:1      | Reached XP level 2. HP: 20/25 MP: 3/5
   600 | D:1      | Reached XP level 3. HP: 24/31 MP: 4/6
  2003 | D:2      | Reached XP level 4. HP: 18/39 MP: 5/7
  2193 | D:2      | Found Sudwes's Antique Armour Boutique.
  2431 | D:2      | Noticed Sigmund
  2451 | D:2      | Gained mutation: You occasionally lose the ability to read
                  | scrolls when taking damage. [potion of mutation]
  2451 | D:2      | Gained mutation: You expend magic power (3 MP) to
                  | strengthen your wands. [potion of mutation]
  2451 | D:2      | Gained mutation: Your mind is acute. (Int +4, Str/Dex -1)
                  | [potion of mutation]
  2453 | D:2      | Killed from afar by Sigmund

Illustrated notes

Levels and vault maps discovered:
D:1:      spicycebolla_green_bress_n_ham, layout_basic
D:2:      layout_loops_corners, shapermc_ecumenical_altar_pompeii, serial_shops,
          nicolae_shop_statue_plus, uniq_sigmund

Skill      XL: |  1  2  3 |
---------------+----------+-----
Dodging        | 2 |  2.1
Fighting       | |  1.8
Unarmed Combat | |  3.4
Spellcasting   | |  2.5
Transmutations | |  2.6

Action                   |  1- 3 |  4- 6 || total
-------------------------+-------+-------++-------
Melee: Unarmed           |   110 |    28 ||   138
       Headbutt          |    13 |     5 ||    18
       Punch             |     2 |     1 ||     3
 Cast: Beastly Appendage |    20 |     2 ||    22
 Abil: Spit Poison       |     5 |     1 ||     6
  Use: Scroll            |     1 |     1 ||     2
       Potion            |       |     2 ||     2
 Stab: Sleeping          |       |     1 ||     1
Armor: Robe              |    21 |       ||    21
Dodge: Dodged            |    58 |    15 ||    73
